 Dungeon Crawl Stone Soup version 0.19-a0-722-g27ac516 (webtiles) character file.

82 Goblin1989 the Sneak (level 4, 0/23 HPs)
             Began as a Vine Stalker Assassin on June 2, 2016.
             Succumbed to an adder's poison
             ... on level 2 of the Dungeon on June 21, 2016.
             The game lasted 00:04:51 (967 turns).

Goblin1989 the Sneak (Vine Stalker Assassin)         Turns: 967, Time: 00:04:52

Health: 0/23       AC:  3    Str: 18    XL:     4   Next: 43%
Magic:  3/5        EV: 11    Int: 11    God:
Gold:   99         SH:  0    Dex: 17    Spells: 0 memorised, 3 levels left

rFire  . . .     SeeInvis .     a - +2 dagger
rCold  . . .     Gourm    .     c - +0 robe
rNeg   . . .     Faith    .     (no shield)
rPois  .         Spirit   +     (no helmet)
rElec  .         Dismiss  .     d - +0 cloak
rCorr  .         Reflect  .     (no gloves)
SustAt .         Harm     .     (no boots)
MR     .....                    (no amulet)
Stlth  ++++......               (no ring)
                                (no ring)

@: mighty, lethally poisoned (0 -> -2), not resistant to hostile enchantments,
stealthy
A: fangs 2, blink, blurry vision 1, regeneration 1, magic shield, antimagic
bite, no device heal 3, rot immunity, MP-powered wands
a: Blink


You were on level 2 of the Dungeon.
You were not hungry.

You visited 1 branch of the dungeon, and saw 2 of its levels.

You collected 99 gold pieces.

Inventory:

Hand Weapons
 a - a +2 dagger (weapon)
 b - a +0 blowgun
Missiles
 e - 23 poisoned needles
 f - 2 curare-tipped needles
Armour
 c - a +0 robe (worn)
 d - a +0 cloak (worn)
Scrolls
 j - a scroll of teleportation {unknown}
 l - a scroll of noise {unknown}
 m - 2 scrolls of immolation {unknown}
 n - a scroll of amnesia {unknown}
 q - a scroll of identify {unknown}
Potions
 k - a potion of resistance
Comestibles
 g - a bread ration
 i - a slice of pizza
 p - a royal jelly
 s - a meat ration


   Skills:
 - Level 1.7 Fighting
 * Level 2.6 Short Blades
 - Level 1.7 Throwing
 - Level 0.7 Dodging
 + Level 6.6 Stealth


You had 3 spell levels left.
You didn't know any spells.

Dungeon Overview and Level Annotations

Branches:
Dungeon (2/15)

Altars:


Innate Abilities, Weirdness & Mutations

You have extremely sharp teeth.
Your natural rate of healing is unusually fast.
When hurt, damage is shared between your health and your magic reserves.
Your bite disrupts and absorbs the magic of your enemies.
Potions and wands cannot restore your health.
You are immune to rotting.
You can translocate small distances at will.
Scrolls take you a little longer to read.
You expend magic power (3 MP) to strengthen your wands.


Message History

It was a potion of brilliance.
You feel clever all of a sudden.
* * * LOW HITPOINT WARNING * * *
You feel sick.
You take 1 damage, and have 2/23 hp.
It was a potion of cancellation.
Your magical effects are unravelling.
You feel magically purged.
You feel a little less clever now.
Your resistance to elements expires.
* * * LOW HITPOINT WARNING * * *
You feel sick.
You take 1 damage, and have 1/23 hp.
It was a potion of might.
You feel very mighty all of a sudden.
There is a lethal amount of poison in your body!
There is a lethal amount of poison in your body!
* * * LOW HITPOINT WARNING * * *
You feel sick.
You take 1 damage, and have 1/23 hp.
You die...

#### ..# ###
#.###†## #######
####.##.#.##
#......
#.†@†..###.#
#.#####
#.##.##.#.## #.# #
#
#.##...####.#####
..##........##...
#.###...#######.##
#. ##### ####.##
#. ######...... #.
#......##.##
#......##.#


There were no monsters in sight!

Vanquished Creatures
  4 adders (D:2)
  2 oozes (D:1)
  A worm (D:2)
  A dart slug (D:2)
  7 bats
  A giant cockroach (D:1)
  2 hobgoblins
  3 jackals (D:1)
  A ball python (D:2)
  A giant newt (D:1)
  2 goblins (D:2)
  9 kobolds
  2 rats
36 creatures vanquished.

Notes
Turn   | Place    | Note
--------------------------------------------------------------
     0 | D:1      | Goblin1989 the Vine Stalker Assassin began the quest for the Orb.
     0 | D:1      | Reached XP level 1. HP: 11/11 MP: 2/2
     5 | D:1      | Upgraded the game from 0.19-a0-459-gb8ed64d to 0.19-a0-713-g934ebc7
    23 | D:1      | Reached skill level 5 in Stealth
   103 | D:1      | Upgraded the game from 0.19-a0-713-g934ebc7 to 0.19-a0-722-g27ac516
   127 | D:1      | Reached XP level 2. HP: 15/15 MP: 3/3
   355 | D:1      | Reached XP level 3. HP: 18/18 MP: 4/4
   633 | D:2      | Reached skill level 6 in Stealth
   824 | D:2      | Reached XP level 4. HP: 21/23 MP: 5/5
   962 | D:2      | Gained mutation: You expend magic power (3 MP) to strengthen your wands. [potion of mutation]
   962 | D:2      | Gained mutation: Scrolls take you a little longer to read. [potion of mutation]
   962 | D:2      | Gained mutation: You can translocate small distances at will. [potion of mutation]
   964 | D:2      | HP: 1/23 [poisoned by an adder]
   967 | D:2      | Succumbed to an adder's poison

Vault maps used:
D:1:      ncdulo_lavacross
D:2:      first_bread

Skill      XL: |  1  2  3 |
---------------+----------+-----
Stealth        | 5 6 |  6.6
Short Blades   | 2 |  2.6
Fighting       | |  1.7
Throwing       | |  1.7
Dodging        | |  0.7

Action                   |  1- 3 |  4- 6 || total
-------------------------+-------+-------++-------
Melee: Dagger            |    71 |    22 ||    93
       Bite              |    13 |     5 ||    18
  Use: Potion            |       |     5 ||     5
 Stab: Sleeping          |     9 |     3 ||    12
Armor: Robe              |    18 |     3 ||    21
Dodge: Dodged            |    40 |     9 ||    49
